 Dungeon Crawl Stone Soup version 0.28-a0-751-gef3a642a4e (webtiles) character file.

Game seed: 2071290956276378763

74 dolemite99 the Gusty (level 4, 0/48 HPs)
             Began as a Gnoll Air Elementalist on Oct 31, 2021.
             Was an Initiate of Gozag.
             Killed from afar by a white imp (4 damage)
             ... with a puff of frost
             ... summoned by Natasha
             ... on level 3 of the Dungeon.
             The game lasted 00:04:35 (3530 turns).

dolemite99 the Gusty (Gnoll Air Elementalist)       Turns: 3530, Time: 00:04:36

Health: 0/48       AC: 22    Str:  7    XL:     4   Next: 30%
Magic:  1/11       EV:  2    Int: 16    God:    Gozag
Gold:   330        SH:  0    Dex: 12    Spells: 10/13 levels left

rFire   + + .      SeeInvis .   o - +0 spear
rCold   + . .      Faith    .   (no shield)
rNeg    . . .      Spirit   .   (armour currently unavailable)
rPois   +          Reflect  .   (helmet currently unavailable)
rElec   +          Harm     .   (cloak currently unavailable)
rCorr   +          Rampage  .   (gloves currently unavailable)
Will    .....      NoTele   +   (boots currently unavailable)
Stlth   ++........              (no amulet)
HPRegen 0.16/turn               f - ring of protection from fire
MPRegen 0.12/turn               (no ring)

@: tree-form, resistant, gold aura, very slightly contaminated
A: stationary, stasis, torment immunity, boosted hp, (fangs 1), strong nose,
distributed training
a: Renounce Religion, Potion Petition, Call Merchant, Bribe Branch


You were on level 3 of the Dungeon.
You worshipped Gozag.
Gozag was aware of your devotion.
You were a tree.
You visited 1 branch of the dungeon, and saw 3 of its levels.

You collected 330 gold pieces.

Inventory:

Hand Weapons
 c - a +0 dagger
 o - a +0 spear (weapon)
Missiles
 e - 80 stones
 i - 29 arrows
 j - 16 bolts
Armour
 a - a +1 robe (melded)
 d - a +0 scale mail
 m - a +0 pair of gloves
Jewellery
 f - a ring of protection from fire (left branch)
 k - a ring of willpower
Scrolls
 b - a scroll of enchant weapon {unknown}
 h - 3 scrolls of noise
 p - a scroll of teleportation
 r - a scroll of acquirement {unknown}
 s - a scroll of fear {unknown}
 t - a scroll of blinking {unknown}
Potions
 q - a potion of heal wounds {unknown}
 u - a potion of flight {unknown}


   Skills:
 + Level 1.1 Fighting
 + Level 1.1 Short Blades
 + Level 1.1 Long Blades
 + Level 1.1 Axes
 + Level 1.1 Maces & Flails
 + Level 1.1 Polearms
 + Level 1.1 Staves
 + Level 1.1 Slings
 + Level 1.1 Bows
 + Level 1.1 Crossbows
 + Level 1.1 Throwing
 + Level 1.1 Armour
 + Level 4.6 Dodging
 + Level 4.2 Stealth
 + Level 1.1 Shields
 + Level 1.1 Unarmed Combat
 + Level 5.0 Spellcasting
 + Level 2.2 Conjurations
 + Level 0.8 Hexes
 + Level 0.8 Summonings
 + Level 0.8 Necromancy
 + Level 0.8 Translocations
 + Level 0.8 Transmutations
 + Level 0.8 Fire Magic
 + Level 0.8 Ice Magic
 + Level 5.4 Air Magic
 + Level 0.8 Earth Magic
 + Level 0.8 Poison Magic
 + Level 1.2 Invocations
 + Level 1.1 Evocations


You had 10 spell levels left.
You knew the following spells:

 Your Spells              Type           Power      Damage    Failure   Level
a - Static Discharge      Conj/Air       16%        N/A       4%          2
b - Shock                 Conj/Air       64%        1d7       3%          1

Your spell library contained the following spells:

 Spells                   Type           Power      Damage    Failure   Level
 Swiftness                Air            21%        N/A       4%          3
 Airstrike                Air            10%        N/A       16%         4


Dungeon Overview and Level Annotations

Branches:
Dungeon (3/15)

Altars:
Gozag

Annotations:
D:3 Natasha


Innate Abilities, Weirdness & Mutations

You are a tree.
Your roots penetrate the ground, keeping you stationary.
You cannot be teleported.
You are immune to unholy pain and torment.
Your maximum health is greatly increased.
Your equipment is partially melded.
((You have very sharp teeth.))
Your uncanny sense of smell can sniff out nearby items.
Your experience applies equally to all skills.


Message History

The lightning grounds out.
Natasha closely misses you.
Unknown command.
Really quaff the potion of lignification?
You turn into a tree.
Your +1 robe melds into your body.
Your roots penetrate the ground.
Natasha stares at you and mumbles some strange words.
The magic dart hits you but does no damage.
Natasha growls.
Natasha casts a spell.
Casting: Static Discharge (safe; 4% risk of failure)
Confirm with . or Enter, or press ? or * to list all spells.
Aiming: Shock (safe; 3% risk of failure)
Press: ? - help, Shift-Dir - straight line, f - Natasha
Aim: Natasha (moderately wounded, 64% to hit)
The zap misses Natasha.
Natasha claws you but does no damage.
The white imp is distracted by your dazzling golden aura.
The white imp shouts, "Give up, thou foisting roguish deadneck!"
You feel protected.
Natasha claws you but does no damage. x2
You hit the white imp.
The white imp is no longer distracted by gold.
The white imp is heavily wounded.
You feel yourself speed up. Natasha claws you but does no damage.
The white imp hits you but does no damage.
Natasha claws you but does no damage.
You completely miss the white imp.
The white imp is heavily wounded.
The white imp hits you.
* * * LOW HITPOINT WARNING * * *
The white imp freezes you. You resist.
* * * LOW HITPOINT WARNING * * *
Natasha claws you.
* * * LOW HITPOINT WARNING * * *
You hit Natasha but do no damage.
Natasha is moderately wounded.
The white imp gestures at you. The puff of frost hits you. You resist.
You die...
Your body crumbles into a pile of gold.

#.. ..# #.# ####.# .#
... #.##.### .#
#.#####......# .# #
#.#......#..## .#.#
#+#.#.###..#..###.#.#
....#.###...........#
...........#..#.$.|.#
.....####..#..#)♣5..#
#'#..............h......
#.#..#.###.#..###...###.
..#..#...#.#.... ...#
..#..#.#........ .....
..#..#<#.#.#....∆......
.##............. .......
..............## #....(#
......#########


You could see Natasha and a white imp (summoned).

Vanquished Creatures
  2 adders
  3 worms (D:2)
  A dart slug (D:2)
  4 ball pythons
  3 bats
  6 endoplasms
  A giant cockroach (D:1)
  3 goblins
  7 hobgoblins
  3 frilled lizards (D:1)
  3 kobolds
  5 rats
41 creatures vanquished.

Vanquished Creatures (others)
  4 plants
4 creatures vanquished.

Grand Total: 45 creatures vanquished

Notes
Turn   | Place    | Note
-------+----------+-------------------------------------------
     0 | D:1      | dolemite99 the Gnoll Air Elementalist began the quest for
                  | the Orb.
     0 | D:1      | Reached XP level 1. HP: 13/13 MP: 6/6
   372 | D:1      | Found a faded altar of an unknown god.
   386 | D:1      | Prayed at the altar of an unknown god.
   386 | D:1      | Became a worshipper of Gozag Ym Sagoz the Greedy
   436 | D:1      | Reached XP level 2. HP: 19/19 MP: 5/7
   687 | D:1      | Learned a level 2 spell: Static Discharge
  1184 | D:2      | Reached skill level 5 in Spellcasting
  1184 | D:2      | Reached XP level 3. HP: 25/25 MP: 3/9
  1618 | D:2      | Reached skill level 1 in Invocations
  2191 | D:2      | Reached skill level 1 in Fighting
  2191 | D:2      | Reached skill level 1 in Short Blades
  2191 | D:2      | Reached skill level 1 in Long Blades
  2191 | D:2      | Reached skill level 1 in Axes
  2191 | D:2      | Reached skill level 1 in Maces & Flails
  2191 | D:2      | Reached skill level 1 in Polearms
  2191 | D:2      | Reached skill level 1 in Staves
  2191 | D:2      | Reached skill level 1 in Slings
  2191 | D:2      | Reached skill level 1 in Bows
  2191 | D:2      | Reached skill level 1 in Crossbows
  2191 | D:2      | Reached skill level 1 in Throwing
  2191 | D:2      | Reached skill level 1 in Armour
  2191 | D:2      | Reached skill level 1 in Shields
  2191 | D:2      | Reached skill level 1 in Unarmed Combat
  2191 | D:2      | Reached skill level 1 in Evocations
  2731 | D:2      | Reached XP level 4. HP: 32/32 MP: 7/11
  3516 | D:3      | Noticed Natasha
  3530 | D:3      | Killed from afar by a white imp

Illustrated notes

Levels and vault maps discovered:
D:1:      pf_arrival_petrified_forest, layout_loops_ring,
          chequers_ecumenical_altar_lobes
D:2:      cheibrodos_old_hovel, layout_loops_ring, minmay_pentomino_o4
D:3:      layout_basic, grunt_ministairs_6, uniq_natasha

Skill      XL: |  1  2  3 |
---------------+----------+-----
Conjurations   | 2 |  2.2
Spellcasting   | 5 |  5.0
Invocations    | 1 |  1.2
Fighting       | 1 |  1.1
Short Blades   | 1 |  1.1
Long Blades    | 1 |  1.1
Axes           | 1 |  1.1
Maces & Flails | 1 |  1.1
Polearms       | 1 |  1.1
Staves         | 1 |  1.1
Slings         | 1 |  1.1
Bows           | 1 |  1.1
Crossbows      | 1 |  1.1
Throwing       | 1 |  1.1
Armour         | 1 |  1.1
Shields        | 1 |  1.1
Unarmed Combat | 1 |  1.1
Evocations     | 1 |  1.1
Dodging        | |  4.6
Stealth        | |  4.2
Hexes          | |  0.8
Summonings     | |  0.8
Necromancy     | |  0.8
Translocations | |  0.8
Transmutations | |  0.8
Fire Magic     | |  0.8
Ice Magic      | |  0.8
Air Magic      | |  5.4
Earth Magic    | |  0.8
Poison Magic   | |  0.8

Action                   |  1- 3 |  4- 6 || total
-------------------------+-------+-------++-------
Melee: Unarmed           |     8 |       ||     8
       Spear             |       |     7 ||     7
 Cast: Shock             |    43 |     2 ||    45
       Static Discharge  |    19 |     7 ||    26
  Use: Scroll            |     4 |     2 ||     6
       Potion            |       |     2 ||     2
Armor: Robe              |     2 |       ||     2
       Skin              |       |     7 ||     7
Dodge: Dodged            |    23 |    14 ||    37

Table legend: (Time is in decaauts)
 A = Elapsed time spent in this place.
 B = Non-inter-level travel time spent in this place.
 C = Inter-level travel time spent in this place.
 D = Time resting spent in this place.
 E = Time spent auto-exploring this place.
 F = Levels seen in this place.
 G = Mean time per level.
                   A        B        C        D        E       F      G
               +--------+--------+--------+--------+--------+-----+--------+
         Total |   3535 |   3485 |     50 |   1629 |   1334 |   3 | 1178.3 |
       Dungeon |   3535 |   3485 |     50 |   1629 |   1334 |   3 | 1178.3 |
               +--------+--------+--------+--------+--------+-----+--------+

Top non-repeatable levels by time:
     D:1: 1918 daAuts
     D:2: 1530 daAuts
     D:3: 87 daAuts
